 Dungeon Crawl Stone Soup version 0.19.1 (console) character file.

597 Morrissey the Cudgeler (level 7, 0/66 HPs)
             Began as an Ogre Hunter on Dec 22, 2016.
             Slain by a centaur (3 damage)
             ... on level 5 of the Dungeon.
             The game lasted 00:13:19 (6429 turns).

Morrissey the Cudgeler (Ogre Hunter)                Turns: 6429, Time: 00:13:20

Health: 0/66       AC:  3    Str: 16 (19) XL:     7   Next: 40%
Magic:  7/7        EV: 10    Int:  9 (10) God:
Gold:   221        SH:  0    Dex:  8 (11) Spells: 0 memorised, 6 levels left

rFire  . . .     SeeInvis .     a - +0 flail
rCold  . . .     Gourm    .     b - +0 robe
rNeg   . . .     Faith    .     (no shield)
rPois  .         Spirit   .     (helmet restricted)
rElec  .         Reflect  .     (no cloak)
rCorr  .         Harm     .     (gloves unavailable)
MR     .....                    (boots unavailable)
Stlth  +.........               (no amulet)
                                (no ring)
                                (no ring)

@: invisible
A: unfitting armour, tough skin 1
a: no special abilities


You were on level 5 of the Dungeon.
You were very hungry.

You visited 1 branch of the dungeon, and saw 5 of its levels.

You collected 221 gold pieces.

Inventory:

Hand Weapons
 a - a +0 flail (weapon)
Missiles
 c - 5 large rocks
 g - 146 stones (quivered)
 q - 16 poisoned needles
 t - a throwing net
 y - 3 tomahawks
Armour
 b - a +0 robe (worn)
Wands
 d - a wand of slowing (11/48)
 G - a wand of acid (7/15)
Scrolls
 e - 2 scrolls of recharging {unknown}
 i - 2 scrolls of random uselessness {unknown}
 k - 2 scrolls of fog {unknown}
 l - 2 scrolls of remove curse {unknown}
 o - 4 scrolls of identify {unknown}
 p - a scroll of enchant armour {unknown}
 s - a scroll of amnesia {unknown}
 u - a scroll of magic mapping {unknown}
 D - a scroll of teleportation {unknown}
 F - a scroll of enchant weapon {unknown}
Potions
 v - a potion of haste {unknown}
 w - a potion of curing {unknown}
 x - a potion of might {unknown}
 A - a potion of brilliance
 B - a potion of heal wounds {unknown}
 C - a potion of flight {unknown}
 E - 2 potions of degeneration
Comestibles
 f - 2 bread rations
 n - 3 meat rations
 z - a beef jerky


   Skills:
 - Level 2.6 Fighting
 * Level 6.8 Maces & Flails
 * Level 6.8 Throwing
 - Level 1.7 Dodging
 - Level 0.6 Stealth


You had 6 spell levels left.
You didn't know any spells.

Dungeon Overview and Level Annotations

Branches:
Dungeon (5/15)
 Temple: D:4-7

Altars:
Qazlal
Uskayaw


Innate Abilities, Weirdness & Mutations

You are too large for most types of armour.
You have tough skin. (AC +1)


Message History

You completely miss the centaur. The centaur barely misses you. x2
You hit the centaur.
The centaur is lightly wounded.
The centaur hits you.
* * * LOW HITPOINT WARNING * * *
Okay, then.
You thump the centaur!
The centaur is heavily wounded.
The centaur hits you.
* * * LOW HITPOINT WARNING * * *
The crimson imp laughs crazily.
The centaur hits you!
* * * LOW HITPOINT WARNING * * *
It was a potion of magic.
Magic courses through your body. The centaur hits you.
* * * LOW HITPOINT WARNING * * *
It was a potion of invisibility.
You fade into invisibility!
The centaur hits you.
You die...

#######.# #.# #.#
#.#
#################.#
#.................#
#.#################
####.#########
#....@(......#
#.##c#######.# #
#5# # #.#
##.##.##.###
...........#####
......##(.......
................
##.##.....(#####


You could see a centaur and a crimson imp.

Vanquished Creatures
  The ghost of sheala the Covert, an amateur DEEn (D:4)
  A centaur (D:5)
  A howler monkey (D:4)
  A bullfrog zombie (D:5)
  A crimson imp (D:5)
  An orc priest (D:5)
  An orc wizard (D:5)
  An iguana (D:4)
  Robin (D:2)
  A howler monkey skeleton (D:4)
  2 adders
  4 gnolls (D:2)
  2 oozes
  4 worms
  5 leopard geckos
  6 orcs
  8 bats
  9 giant cockroaches
  20 goblins
  7 hobgoblins
  8 jackals
  6 quokkas
  2 ball pythons
  6 frilled lizards
  4 kobolds
  10 rats
113 creatures vanquished.

Notes
Turn   | Place    | Note
-------+----------+-------------------------------------------
     0 | D:1      | Morrissey the Ogre Hunter began the quest for the Orb.
     0 | D:1      | Reached XP level 1. HP: 22/22 MP: 1/1
   140 | D:1      | Reached XP level 2. HP: 19/29 MP: 2/2
   476 | D:1      | Reached skill level 1 in Maces & Flails
   669 | D:1      | Reached XP level 3. HP: 36/36 MP: 3/3
  1329 | D:2      | Noticed Robin
  1649 | D:2      | Reached XP level 4. HP: 43/44 MP: 4/4
  1729 | D:2      | Killed Robin
  1729 | D:2      | Reached skill level 5 in Throwing
  3089 | D:2      | Found a stormy altar of Qazlal.
  3093 | D:2      | Found a hide-covered altar of Uskayaw.
  3481 | D:2      | Reached XP level 5. HP: 21/50 MP: 5/5
  4814 | D:4      | Reached skill level 5 in Maces & Flails
  4814 | D:4      | Reached XP level 6. HP: 52/59 MP: 6/6
  5090 | D:4      | Noticed sheala's ghost (amateur DEEn)
  5114 | D:4      | Killed sheala's ghost
  5731 | D:5      | Entered Level 5 of the Dungeon
  5738 | D:5      | Reached XP level 7. HP: 44/66 MP: 7/7
  6034 | D:5      | HP: 3/66 [orc wizard/dagger (2)]
  6428 | D:5      | HP: 3/66 [centaur (1)]
  6429 | D:5      | Slain by a centaur

Skill      XL: |  1  2  3  4  5  6 |
---------------+-------------------+-----
Maces & Flails | 1 3 4 5 6 |  6.8
Throwing       | 5 6 |  6.8
Fighting       | |  2.6
Dodging        | |  1.7
Stealth        | |  0.6

Action                   |  1- 3 |  4- 6 |  7- 9 || total
-------------------------+-------+-------+-------++-------
Melee: Short sword       |    42 |       |       ||    42
       Club              |    80 |    87 |       ||   167
       Flail             |       |    95 |    79 ||   174
Throw: Stone             |    90 |   199 |    30 ||   319
       Throwing net      |     2 |     5 |       ||     7
Evoke: Wand              |       |     1 |       ||     1
  Use: Potion            |       |       |     5 ||     5
 Stab: Held in net/web   |     1 |       |       ||     1
  Eat: Chunk             |     2 |    12 |     1 ||    15
       Beef jerky        |       |     1 |       ||     1
Armor: Robe              |    33 |    41 |    14 ||    88
Dodge: Dodged            |    71 |   108 |    28 ||   207
